[Event "Titled Tuesday Blitz March 14 Early 2023"]
[White "Nakamura, Hikaru"]
[Black "Timofeev, Artyom"]
[WhiteFideId "2016192"]
[BlackFideId "4140419"]
[WhiteElo "2879"]
[BlackElo "2586"]
[Result "1-0"]
[Round "03"]
[TimeControl "180+2"]
[Date "2023.03.14"]
[WhiteClock "0:00:17"]
[BlackClock "0:00:13"]

1. g3 c5 2. Bg2 Nc6 3. f4 g6 4. c3 Bg7 5. e4 d6 6. Nf3 e5 7. O-O Nge7 8. d3 O-O 9. Be3 exf4 10. Bxf4 Ne5 11. Qe2 Bg4 12. Nbd2 N7c6 13. h3 Bxf3 14. Nxf3 Nxf3+ 15. Rxf3 Ne5 16. Rff1 Qb6 17. Kh1 Rae8 18. Rad1 h6 19. Be3 Nc6 20. Qd2 Kh7 21. Rf2 Ne5 22. b3 Qa5 23. d4 cxd4 24. Bxd4 a6 25. Rdf1 Qc7 26. c4 Nc6 27. Be3 Ne5 28. Rd1 Re6 29. Qd5 Rfe8 30. Bf4 Kg8 31. Rdf1 Qe7 32. Rd2 Qc7 33. h4 Qc6 34. Bh3 Qxd5 35. Rxd5 R6e7 36. Rxd6 Nc6 37. Bg2 Be5 38. Rd2 Kg7 39. Rfd1 a5 40. a3 Rc7 41. Kg1 Ree7 42. Rd5 f6 43. Kf2 g5 44. Be3 Rf7 45. Bh3 Ne7 46. Rxa5 gxh4 47. gxh4 Ng6 48. Rg1 1-0


[Site "https://www.chess.com"]

[Event "Titled Tuesday Blitz March 14 Early 2023"]
[White "Bachmann, Axel"]
[Black "Firouzja, Alireza"]
[WhiteFideId "3700488"]
[BlackFideId "12573981"]
[WhiteElo "2605"]
[BlackElo "2904"]
[Result "1-0"]
[Round "03"]
[TimeControl "180+2"]
[Date "2023.03.14"]
[WhiteClock "0:00:05"]
[BlackClock "0:00:05"]

1. Nf3 Nf6 2. c4 g6 3. b3 Bg7 4. Bb2 O-O 5. g3 d6 6. d4 Nbd7 7. Bg2 c6 8. O-O Re8 9. Nc3 e5 10. e3 e4 11. Nd2 d5 12. b4 Nb6 13. b5 Bg4 14. Qb3 Qd7 15. a4 Nc8 16. a5 a6 17. cxd5 cxd5 18. Ba3 Bh3 19. Nxd5 Bxg2 20. Nxf6+ Bxf6 21. Kxg2 axb5 22. Bc5 Bd8 23. Qc2 Qc6 24. Nb3 Ne7 25. Rfc1 Nd5 26. Qe2 Qd7 27. Bb6 Nxb6 28. Nc5 Qc6 29. axb6 Rxa1 30. Rxa1 Bxb6 31. Rc1 b4 32. Qc4 Bxc5 33. Qxc5 Rc8 34. Rc4 Qxc5 35. dxc5 b3 36. Rxe4 Rxc5 37. Rb4 b5 38. Rxb3 Kf8 39. Kf3 Ke7 40. Ke4 Kd6 41. Kd3 Kc6 42. e4 Rc1 43. Kd4 Rd1+ 44. Ke5 Rd2 45. f4 Rd7 46. Kf6 Kc5 47. Rb1 b4 48. e5 Kc4 49. g4 Rd4 50. f5 Rxg4 51. Kxf7 gxf5 52. e6 Re4 53. e7 f4 54. e8=Q Rxe8 55. Kxe8 Kd3 56. Rxb4 f3 57. Kf7 f2 58. Rf4 Ke3 59. Rf6 Ke2 60. h4 f1=Q 61. Rxf1 Kxf1 62. h5 1-0


[Site "https://www.chess.com"]

[Event "Titled Tuesday Blitz March 14 Early 2023"]
[White "Wei, Yi"]
[Black "Salinas Herrera, Pablo"]
[WhiteFideId "8603405"]
[BlackFideId "3407128"]
[WhiteElo "2686"]
[BlackElo "2550"]
[Result "1-0"]
[Round "03"]
[TimeControl "180+2"]
[Date "2023.03.14"]
[WhiteClock "0:00:03"]
[BlackClock "0:00:05"]

1. b3 d5 2. Bb2 Bf5 3. d3 e6 4. Nd2 Nf6 5. g3 h6 6. Bg2 Bh7 7. Ngf3 Be7 8. O-O O-O 9. Re1 c6 10. e4 a5 11. a3 Nbd7 12. Qe2 b5 13. Nd4 Qb6 14. exd5 cxd5 15. Bh3 Bc5 16. N2f3 b4 17. a4 Rfe8 18. Nb5 Rac8 19. Rac1 Rcd8 20. Qd2 Bg6 21. Ne5 Nxe5 22. Bxe5 Nd7 23. Bc7 Qa6 24. Bxd8 Rxd8 25. Nc7 Qb7 26. Nb5 Qb6 27. Re2 Nf6 28. Rce1 Bh5 29. Re5 Bg6 30. Rf1 Qb8 31. Ree1 Bf8 32. Kh1 Nd7 33. f4 Nf6 34. f5 exf5 35. Bxf5 Bh5 36. Qf4 Qb6 37. g4 Bg6 38. Bxg6 fxg6 39. g5 hxg5 40. Qxg5 Rc8 41. Qxg6 Rxc2 42. Rg1 Qf2 43. Qg2 Qc5 44. d4 Qc8 45. Re2 Rxe2 46. Qxe2 Ne4 47. Qg2 Qf5 48. Rf1 Qh5 49. Nc7 Bd6 50. Ne6 Ng3+ 51. Kg1 Ne2+ 52. Kf2 Qf5+ 53. Kxe2 Qxe6+ 54. Kd1 Be7 55. Qc2 Bf6 56. Qd3 Qg4+ 57. Kc2 Qg2+ 58. Kb1 Bxd4 59. Kc1 Qb2+ 60. Kd1 Qa1+ 61. Ke2 Qb2+ 62. Qd2 1-0


[Site "https://www.chess.com"]

[Event "Titled Tuesday Blitz March 14 Early 2023"]
[White "Zhigalko, Sergei"]
[Black "Yu, Yangyi"]
[WhiteFideId "13502956"]
[BlackFideId "8603820"]
[WhiteElo "2626"]
[BlackElo "2783"]
[Result "0-1"]
[Round "03"]
[TimeControl "180+2"]
[Date "2023.03.14"]
[WhiteClock "0:00:03"]
[BlackClock "0:00:02"]

1. e4 d6 2. d4 Nf6 3. Nc3 e5 4. Nf3 Nbd7 5. Bc4 Be7 6. O-O O-O 7. a4 c6 8. Re1 h6 9. h3 Re8 10. Ba2 Bf8 11. Be3 exd4 12. Bxd4 Qc7 13. Nh4 Qd8 14. Ng6 a6 15. Qd2 b5 16. axb5 cxb5 17. Nxf8 Rxf8 18. Qf4 Qc7 19. Nd5 Nxd5 20. Bxd5 Bb7 21. Bxb7 Qxb7 22. Qxd6 Rfe8 23. Rad1 Re6 24. Qg3 Rg6 25. Qd3 Nf8 26. f3 Rd8 27. Qe2 Ne6 28. Be3 Rc8 29. c3 a5 30. Rd5 b4 31. Rb5 Qc7 32. cxb4 axb4 33. Rxb4 Qg3 34. Kh1 Rc2 35. Qxc2 Qxe1+ 36. Bg1 Qxb4 37. Qc8+ Qf8 38. Qd7 Qd8 39. Qc6 Qd2 40. Qe8+ Kh7 41. g4 Qf4 42. Kg2 Ng5 43. Bf2 Qxf3+ 44. Kg1 Nxh3+ 45. Kf1 Qxf2# 0-1


[Site "https://www.chess.com"]

[Event "Titled Tuesday Blitz March 14 Early 2023"]
[White "Caruana, Fabiano"]
[Black "Gupta, Abhijeet"]
[WhiteFideId "2020009"]
[BlackFideId "5010608"]
[WhiteElo "2818"]
[BlackElo "2528"]
[Result "1-0"]
[Round "03"]
[TimeControl "180+2"]
[Date "2023.03.14"]
[WhiteClock "0:00:15"]
[BlackClock "0:00:02"]

1. d4 Nf6 2. c4 g6 3. Nf3 Bg7 4. e3 O-O 5. Be2 b6 6. O-O Bb7 7. b4 c5 8. a3 d5 9. Bb2 cxd4 10. Nxd4 dxc4 11. Bxc4 Nbd7 12. Nd2 Rc8 13. Be2 Qc7 14. h3 a6 15. a4 Qb8 16. b5 axb5 17. axb5 e5 18. N4f3 e4 19. Nd4 Nc5 20. Nc4 Bd5 21. Qb1 Nd3 22. Bxd3 exd3 23. Nd2 Qb7 24. f3 Nd7 25. e4 Bc4 26. Nc6 Rxc6 27. bxc6 Qxc6 28. Bxg7 Kxg7 29. Qb4 b5 30. Rfc1 Rc8 31. Kh1 Kg8 32. Ra3 Nf6 33. Rxd3 Nh5 34. Re3 Ng3+ 35. Kh2 Qc7 36. e5 Nf5 37. Re4 Qd7 38. Nxc4 bxc4 39. Rexc4 Rxc4 40. Qxc4 Qd2 41. e6 fxe6 42. Qxe6+ Kg7 43. Qe5+ Kh6 44. Rc4 Ne3 45. Rh4# 1-0


[Site "https://www.chess.com"]

[Event "Titled Tuesday Blitz March 14 Early 2023"]
[White "Gareyev, Timur"]
[Black "Erigaisi Arjun"]
[WhiteFideId "14200937"]
[BlackFideId "35009192"]
[WhiteElo "2563"]
[BlackElo "2737"]
[Result "0-1"]
[Round "03"]
[TimeControl "180+2"]
[Date "2023.03.14"]
[WhiteClock "0:00:18"]
[BlackClock "0:00:12"]

1. d4 Nf6 2. c4 e6 3. Nc3 c5 4. d5 d6 5. e4 g6 6. Bd3 Bg7 7. Nf3 exd5 8. exd5 O-O 9. O-O Bg4 10. h3 Bxf3 11. Qxf3 Nbd7 12. Qd1 Nh5 13. g4 Nhf6 14. Kg2 a6 15. a4 Re8 16. Bd2 Qb6 17. a5 Qc7 18. f4 b5 19. axb6 Qxb6 20. Ra2 Re7 21. Re1 Rxe1 22. Bxe1 Re8 23. Bd2 h6 24. b3 Nh7 25. Ne2 Nhf8 26. Ng3 Qb7 27. h4 Nf6 28. g5 hxg5 29. hxg5 Nxd5 30. cxd5 Qxd5+ 31. Qf3 Qxb3 32. Rxa6 c4 33. Be4 Qb2 34. Qf2 c3 35. Be3 d5 36. Bxd5 Rxe3 37. Ra2 Qxf2+ 38. Kxf2 Bd4 39. Ne2 Bc5 40. Kg2 Nd7 41. Rc2 Bb4 42. Nd4 Rd3 43. Nc6 Rxd5 44. Nxb4 Rd4 45. Kf3 Rxb4 46. Rxc3 Nb6 47. Rd3 Kg7 48. Rd6 Nc4 49. Rd7 Rb3+ 50. Ke4 Ne3 0-1


[Site "https://www.chess.com"]

[Event "Titled Tuesday Blitz March 14 Early 2023"]
[White "Xiong, Jeffery"]
[Black "Aditya Mittal"]
[WhiteFideId "2047640"]
[BlackFideId "35042025"]
[WhiteElo "2726"]
[BlackElo "2396"]
[Result "1-0"]
[Round "03"]
[TimeControl "180+2"]
[Date "2023.03.14"]
[WhiteClock "0:02:21"]
[BlackClock "0:00:01"]

1. e4 e5 2. Nf3 Nc6 3. Nc3 Nf6 4. d4 exd4 5. Nxd4 Bb4 6. Nxc6 bxc6 7. Bd3 d5 8. exd5 O-O 9. O-O Bg4 10. Ne2 cxd5 11. h3 Bh5 12. c4 Re8 13. Qc2 dxc4 14. Qxc4 Ba5 15. Nf4 Bg6 16. Nxg6 hxg6 17. Bxg6 Qd5 18. Qxd5 Nxd5 19. Bh5 Nb4 20. Bd2 Rad8 21. Rfd1 Nc2 22. Rac1 Rxd2 23. Rxd2 Bxd2 24. Rxc2 Re1+ 25. Kh2 Bf4+ 26. g3 Bd6 27. Be2 g5 28. Kg2 Kg7 29. Bd3 Rd1 30. Be4 Rd4 31. Kf3 Rb4 32. Ke3 a5 33. b3 a4 34. bxa4 Rxa4 35. Bd5 Ra5 36. Bb3 Bc5+ 37. Kf3 Kf6 38. Rd2 Bd6 39. Rd4 Rf5+ 40. Kg2 Rxf2+ 41. Kxf2 Bc5 42. Ke3 Ke5 43. Kf3 Bxd4 44. Bxf7 Bb6 45. Kg4 Kf6 46. Bc4 Ba5 47. a3 Be1 48. a4 Ba5 49. h4 gxh4 50. Kxh4 Be1 51. Kg4 Bd2 52. Kh5 Be1 53. g4 Bd2 54. Bd3 c6 55. Be4 c5 56. Bd3 Kg7 57. g5 Bc3 58. Kg4 Bd2 59. Kf5 Kf7 60. g6+ Kg7 61. Ke6 c4 62. Bc2 Ba5 63. Kd5 c3 64. Kc4 Kf6 65. Kb5 Bd8 66. a5 Bxa5 67. Kxa5 1-0


[Site "https://www.chess.com"]

[Event "Titled Tuesday Blitz March 14 Early 2023"]
[White "Le, Tuan Minh"]
[Black "Madaminov, Mukhiddin"]
[WhiteFideId "12401153"]
[BlackFideId "14210703"]
[WhiteElo "2558"]
[BlackElo "2511"]
[Result "0-1"]
[Round "03"]
[TimeControl "180+2"]
[Date "2023.03.14"]
[WhiteClock "0:00:02"]
[BlackClock "0:00:03"]

1. d4 Nf6 2. Nf3 g6 3. Bg5 Bg7 4. Nbd2 c5 5. Bxf6 Bxf6 6. Ne4 Bxd4 7. Nxd4 cxd4 8. Qxd4 O-O 9. O-O-O Nc6 10. Qd2 Qa5 11. Qh6 Qe5 12. Ng5 Qg7 13. Qh4 h6 14. Nf3 d6 15. e3 Be6 16. Bc4 Bxc4 17. Qxc4 Rfc8 18. Qe4 Qf6 19. h4 Qe6 20. Qxe6 fxe6 21. Kb1 Kf7 22. Rh3 b5 23. Rg3 a6 24. Ne1 Ne5 25. b3 Rc3 26. Kb2 Rac8 27. f4 Nd7 28. Rd3 R3c7 29. e4 Nf6 30. Rge3 Rc5 31. g3 a5 32. Re2 e5 33. Nf3 Nd7 34. Rf2 Kg7 35. Rdd2 b4 36. fxe5 Nxe5 37. Nd4 Kh7 38. g4 a4 39. g5 a3+ 40. Kc1 Rc3 41. Kd1 Rh3 42. Rh2 Rg3 43. Rdg2 Rcc3 44. gxh6 Kxh6 45. Ne6 Rce3 46. Ng5 Kh5 47. Kd2 Rc3 48. Kd1 Rxg2 49. Rxg2 Kxh4 50. Ne6 Rg3 51. Rh2+ Kg4 52. Nd4 Re3 53. Rg2+ Kf4 54. Rf2+ Kxe4 55. Nb5 Nf3 56. Rf1 g5 0-1


[Site "https://www.chess.com"]

[Event "Titled Tuesday Blitz March 14 Early 2023"]
[White "Zahid, Sanatan"]
[Black "Bluebaum, Matthias"]
[WhiteFideId "10201963"]
[BlackFideId "24651516"]
[WhiteElo "1865"]
[BlackElo "2638"]
[Result "1/2-1/2"]
[Round "03"]
[TimeControl "180+2"]
[Date "2023.03.14"]
[WhiteClock "0:00:38"]
[BlackClock "0:00:11"]

1. d4 d5 2. Nc3 e6 3. Bf4 c5 4. e3 a6 5. Nf3 Nc6 6. Ne2 b5 7. c3 Bb7 8. h3 Bd6 9. Bxd6 Qxd6 10. g3 Nge7 11. Bg2 O-O 12. O-O e5 13. Nxe5 Nxe5 14. dxe5 Qxe5 15. Nf4 Rad8 16. Qd2 Ng6 17. Rad1 Nxf4 18. exf4 Qc7 19. Rfe1 d4 20. Bxb7 Qxb7 21. Qe2 h6 22. Qe5 Rd5 23. Qe4 Qd7 24. cxd4 Rxd4 25. Rxd4 cxd4 26. Rd1 Rd8 27. Rd3 Qd5 28. Qxd5 Rxd5 29. Kg2 f5 30. Kf3 Kf7 31. Ke2 Rd8 32. Ra3 Rd6 33. Ra5 Ke6 34. a4 Rb6 35. axb5 Rxb5 36. Rxb5 axb5 37. Kd3 Kd5 38. b4 h5 39. f3 g6 40. h4 Ke6 41. Kxd4 Kd6 42. Ke3 Kd5 43. Kd3 Ke6 44. Kd4 Kd6 45. Ke3 Ke6 46. g4 fxg4 47. fxg4 hxg4 48. Kf2 Kf6 49. Kg2 Ke6 50. Kf2 Kf6 51. Kg2 Ke6 52. Kh2 Kf6 53. Kg2 1/2-1/2


[Site "https://www.chess.com"]

[Event "Titled Tuesday Blitz March 14 Early 2023"]
[White "Shimanov, Aleksandr"]
[Black "Albornoz Cabrera, Carlos Daniel"]
[WhiteFideId "4198603"]
[BlackFideId "3518736"]
[WhiteElo "2631"]
[BlackElo "2501"]
[Result "1-0"]
[Round "03"]
[TimeControl "180+2"]
[Date "2023.03.14"]
[WhiteClock "0:00:20"]
[BlackClock "0:00:04"]

1. e4 c5 2. d4 cxd4 3. Qxd4 Nc6 4. Qd3 g6 5. Nc3 Bg7 6. Nf3 d6 7. Be2 Nf6 8. O-O O-O 9. Nd5 Be6 10. c3 Rc8 11. Bg5 h6 12. Bxf6 exf6 13. Rfd1 f5 14. exf5 Bxf5 15. Qd2 Be4 16. Ne3 Ne5 17. Qxd6 Nxf3+ 18. Bxf3 Bxf3 19. Qxd8 Rfxd8 20. gxf3 Be5 21. h3 Kg7 22. Kf1 b5 23. a4 Rxd1+ 24. Nxd1 a6 25. Ke2 Bf4 26. axb5 axb5 27. Ra7 Rc5 28. Rb7 Rh5 29. b4 Re5+ 30. Ne3 Rh5 31. Ng2 Re5+ 32. Kd3 Bc1 33. Rc7 Rd5+ 34. Kc2 Bg5 35. f4 Bf6 36. Rc5 Rxc5 37. bxc5 Be7 38. c6 Bd6 39. Ne3 Kf8 40. Nd5 Ke8 41. c4 bxc4 42. Kc3 Kd8 43. Kxc4 f5 44. f3 Kc8 45. Kb5 g5 46. fxg5 hxg5 47. Ne3 f4 48. Nd5 Be5 49. Kc4 Bd6 50. Kd4 Kd8 51. Ke4 g4 52. hxg4 Ke8 53. Kf5 Kf7 54. c7 1-0


[Site "https://www.chess.com"]

[Event "Titled Tuesday Blitz March 14 Early 2023"]
[White "Real_OceanStorm"]
[Black "Matlakov, Maxim"]
[BlackFideId "4168003"]
[WhiteElo "2809"]
[BlackElo "2666"]
[Result "0-1"]
[Round "03"]
[TimeControl "180+2"]
[Date "2023.03.14"]
[WhiteClock "0:00:10"]
[BlackClock "0:01:08"]

1. e4 e5 2. f4 exf4 3. Nf3 Nf6 4. e5 Nh5 5. Be2 d6 6. d4 g6 7. O-O Bg7 8. exd6 Qxd6 9. b3 Nc6 10. Re1 Be6 11. Ba3 Bxd4+ 12. Nxd4 Qxd4+ 13. Qxd4 Nxd4 14. Bd1 O-O-O 15. Be7 Rd7 16. Ba3 Bf5 17. Bb2 Rhd8 18. c4 f3 19. Na3 Nf4 20. Bxd4 Nxg2 21. Bf6 Nxe1 22. Bxd8 Kxd8 23. Kf2 Re7 24. Bxf3 Nxf3 25. Kxf3 c6 26. c5 Re5 27. Rc1 Kc7 28. Rc3 h5 29. h4 Re4 30. Nc4 Rxh4 31. Ne5 Rh3+ 0-1


[Site "https://www.chess.com"]

[Event "Titled Tuesday Blitz March 14 Early 2023"]
[White "Hambleton, Aman"]
[Black "Sarana, Alexey"]
[WhiteFideId "2606577"]
[BlackFideId "24133795"]
[WhiteElo "2511"]
[BlackElo "2714"]
[Result "0-1"]
[Round "03"]
[TimeControl "180+2"]
[Date "2023.03.14"]
[WhiteClock "0:00:01"]
[BlackClock "0:00:31"]

1. d4 Nf6 2. Bf4 d5 3. e3 c5 4. c3 Nc6 5. Nd2 e6 6. Ngf3 Nh5 7. Be5 f6 8. Bg3 g6 9. Bd3 Be7 10. O-O O-O 11. dxc5 Bxc5 12. e4 dxe4 13. Nxe4 Be7 14. Re1 e5 15. Bc4+ Kg7 16. Qe2 Nxg3 17. hxg3 Qc7 18. Rad1 Bg4 19. Bd5 Rad8 20. Qc4 Bc8 21. a4 a6 22. Nc5 Qb6 23. Ne6+ Bxe6 24. Bxe6 Rxd1 25. Rxd1 Qxb2 26. Rd7 Rd8 27. Rxd8 Nxd8 28. Qc7 Qa3 29. Bc8 Qd6 30. Qxd6 Bxd6 31. Nd2 Kf7 32. Nc4 Bc7 33. Kf1 f5 34. g4 Kf6 35. gxf5 gxf5 36. Ke2 f4 37. f3 Kg5 38. Kd3 Kh4 39. Ke2 Kg3 40. Kf1 a5 41. Nd2 Kh2 42. Ne4 h6 43. c4 b6 44. c5 bxc5 45. Nxc5 Nc6 46. Ne4 Nd4 47. Bh3 Nc2 48. Kf2 Bb6+ 49. Ke2 Ne3 50. Nf6 Nxg2 51. Bf5 Kg3 52. Ng4 h5 53. Nf6 h4 54. Nh5+ Kh2 55. Nf6 Ne3 56. Be6 h3 57. Nh5 Kg2 0-1


[Site "https://www.chess.com"]

[Event "Titled Tuesday Blitz March 14 Early 2023"]
[White "Urazayev, Arystanbek"]
[Black "Van Foreest, Jorden"]
[WhiteFideId "13709810"]
[BlackFideId "1039784"]
[WhiteElo "2479"]
[BlackElo "2633"]
[Result "1-0"]
[Round "03"]
[TimeControl "180+2"]
[Date "2023.03.14"]
[WhiteClock "0:00:24"]
[BlackClock "0:00:18"]

1. e4 e5 2. Nf3 Nc6 3. Bb5 a6 4. Ba4 g6 5. d4 exd4 6. c3 d3 7. O-O Bg7 8. c4 d6 9. Nc3 Nf6 10. Qxd3 O-O 11. h3 Nd7 12. Bg5 f6 13. Be3 Nde5 14. Nxe5 fxe5 15. Qd5+ Kh8 16. Bxc6 bxc6 17. Qxc6 Rb8 18. b3 Bb7 19. Qa4 Qh4 20. c5 dxc5 21. Bxc5 Rf4 22. Qd7 Rc8 23. g3 Qg5 24. Be7 Bf6 25. h4 Qh5 26. Rad1 Rf3 27. Bxf6+ Rxf6 28. Qe7 Rcf8 29. Rd8 Qf3 30. Rxf8+ Rxf8 31. Qxe5+ Kg8 32. Nd5 Bxd5 33. Qxd5+ Rf7 34. Qd8+ Kg7 35. Qd4+ Kg8 36. Rd1 h6 37. Rd3 Qe2 38. Rd2 Qf3 39. Qd3 Qf6 40. Kg2 Kh7 41. Qe3 Qe6 42. Rc2 Re7 43. Rc4 Rf7 44. Qc3 Qd6 45. Rc6 Qe7 46. Qd4 h5 47. e5 Qe8 48. Qe4 Rf5 49. f4 Qd7 50. Qc2 Qd5+ 51. Kh2 Rf7 52. Qxg6+ Kh8 53. Qh6+ Kg8 54. Rg6+ 1-0


[Site "https://www.chess.com"]

[Event "Titled Tuesday Blitz March 14 Early 2023"]
[White "Lenderman, Aleksandr"]
[Black "Galchenko, Matvey"]
[WhiteFideId "2021285"]
[BlackFideId "24175480"]
[WhiteElo "2607"]
[BlackElo "2404"]
[Result "1-0"]
[Round "03"]
[TimeControl "180+2"]
[Date "2023.03.14"]
[WhiteClock "0:00:27"]
[BlackClock "0:00:02"]

1. Nf3 c5 2. d4 cxd4 3. c3 dxc3 4. Nxc3 Nc6 5. e4 d6 6. Bc4 e6 7. O-O Be7 8. Qe2 Nf6 9. Rd1 e5 10. Be3 O-O 11. Rac1 Be6 12. b4 Bxc4 13. Qxc4 a6 14. Nd5 Rc8 15. Nxf6+ Bxf6 16. Qb3 Qe7 17. a4 Nd4 18. Bxd4 exd4 19. Qd5 Rxc1 20. Rxc1 Re8 21. Nxd4 g6 22. f3 Be5 23. Ne2 Qg5 24. Qd3 h5 25. g3 Qe7 26. Kg2 d5 27. Qxd5 Qxb4 28. Qc4 Qd2 29. Rc2 Qd1 30. f4 Bg7 31. e5 Rd8 32. e6 fxe6 33. Qxe6+ Kh7 34. Qe4 Rd7 35. f5 Qd6 36. Nf4 Qe5 37. Qxe5 Bxe5 38. Nxg6 Bg7 39. Nf4 h4 40. Ne6 Bh6 41. g4 Rd5 42. Rc7+ Kg8 43. Rxb7 Rd2+ 44. Kh3 Bf4 45. Nxf4 1-0


[Site "https://www.chess.com"]

[Event "Titled Tuesday Blitz March 14 Early 2023"]
[White "Narayanan, Srinath"]
[Black "Sjugirov, Sanan"]
[WhiteFideId "5018420"]
[BlackFideId "4189302"]
[WhiteElo "2438"]
[BlackElo "2569"]
[Result "1-0"]
[Round "03"]
[TimeControl "180+2"]
[Date "2023.03.14"]
[WhiteClock "0:00:17"]
[BlackClock "0:00:01"]

1. Nf3 d5 2. e3 Nf6 3. c4 e6 4. b3 Bd6 5. Bb2 O-O 6. Nc3 dxc4 7. Bxc4 b6 8. O-O Bb7 9. d4 a6 10. Rc1 Nbd7 11. Qe2 b5 12. Bd3 c5 13. Rfd1 Qe7 14. a4 b4 15. Nb1 cxd4 16. Nxd4 Nc5 17. Bc2 Nfe4 18. f3 Qh4 19. g3 Nxg3 20. hxg3 Bxg3 21. Qg2 g6 22. Bxg6 hxg6 23. Rxc5 Rfd8 24. Rdc1 Rd7 25. Ne2 Bd6 26. R5c4 Qh5 27. Qf2 Rad8 28. Rh4 Qg5+ 29. Kf1 e5 30. Rg4 Qh5 31. e4 1-0


[Site "https://www.chess.com"]

[Event "Titled Tuesday Blitz March 14 Early 2023"]
[White "Martinez Alcantara, Jose Eduardo"]
[Black "Postny, Evgeny"]
[WhiteFideId "3805662"]
[BlackFideId "2804344"]
[WhiteElo "2712"]
[BlackElo "2509"]
[Result "1-0"]
[Round "03"]
[TimeControl "180+2"]
[Date "2023.03.14"]
[WhiteClock "0:00:24"]
[BlackClock "0:00:01"]

1. e4 c6 2. d4 d5 3. e5 Bf5 4. h4 Qc8 5. Nc3 h6 6. Bd3 Bxd3 7. Qxd3 e6 8. Nce2 c5 9. c3 Nc6 10. a3 Nge7 11. Nf3 b6 12. O-O a5 13. Ng3 Qa6 14. Qd1 a4 15. Be3 Qb5 16. Rb1 Na5 17. Nd2 Nc4 18. Nxc4 Qxc4 19. Qf3 Nc6 20. Rfd1 Be7 21. Nh5 Rg8 22. g3 Ra7 23. Nf4 g6 24. Ng2 h5 25. Rd2 Bd8 26. Rbd1 Ne7 27. Bf4 Nf5 28. Ne3 Nxe3 29. fxe3 Rd7 30. Kh2 Qb5 31. e4 dxe4 32. Qxe4 cxd4 33. Rxd4 Rxd4 34. Rxd4 Bc7 35. c4 Qxb2+ 36. Rd2 Qb3 37. Qa8+ Ke7 38. Bg5+ f6 39. Bxf6+ 1-0


[Site "https://www.chess.com"]

[Event "Titled Tuesday Blitz March 14 Early 2023"]
[White "Aradhya, Garg"]
[Black "Vallejo Pons, Francisco"]
[WhiteFideId "25006746"]
[BlackFideId "2205530"]
[WhiteElo "2263"]
[BlackElo "2589"]
[Result "0-1"]
[Round "03"]
[TimeControl "180+2"]
[Date "2023.03.14"]
[WhiteClock "0:00:10"]
[BlackClock "0:00:09"]

1. d4 e6 2. c4 b6 3. e4 Bb4+ 4. Bd2 Bxd2+ 5. Qxd2 d5 6. e5 Ne7 7. Nc3 Bb7 8. cxd5 Nxd5 9. Bb5+ c6 10. Be2 c5 11. Nf3 O-O 12. O-O Nd7 13. Ne4 cxd4 14. Nd6 Nxe5 15. Nxb7 Nxf3+ 16. Bxf3 Qd7 17. Qxd4 Qxb7 18. Rac1 Rac8 19. h4 h6 20. Be4 Rfd8 21. Rxc8 Qxc8 22. Qa4 Qd7 23. Qa3 Qe7 24. Qxe7 Nxe7 25. Rc1 Rd7 26. Kf1 g5 27. hxg5 hxg5 28. Ke2 f5 29. Bc2 Rc7 30. Kd2 Kg7 31. Re1 Kf6 32. Rh1 Nd5 33. Rh6+ Ke5 34. Bb3 g4 35. a4 a5 36. f3 gxf3 37. gxf3 Rg7 38. Bxd5 Kxd5 39. Rh2 Kd4 40. Rh4+ Kd5 41. b4 e5 42. bxa5 bxa5 43. Rh5 Rg2+ 44. Kd3 f4 45. Rh8 Ra2 46. Rd8+ Ke6 47. Re8+ Kf6 48. Rf8+ Ke7 49. Ra8 Rxa4 50. Ra6 Kd7 51. Rb6 Ra3+ 52. Ke4 Re3+ 53. Kf5 a4 54. Ra6 a3 55. Kf6 Kc7 56. Kf5 Kb7 57. Ra4 Kb6 58. Ra8 Kb5 59. Rb8+ Kc4 60. Rc8+ Kb3 61. Ra8 Kb2 62. Rb8+ Rb3 63. Rd8 Rxf3 64. Kxe5 a2 65. Rd2+ Kb3 66. Rd1 Rf2 67. Ke4 Kb2 68. Rd2+ Rxd2 69. Kxf4 a1=Q 0-1


[Site "https://www.chess.com"]

[Event "Titled Tuesday Blitz March 14 Early 2023"]
[White "Vokhidov, Shamsiddin"]
[Black "Seo, Jung Min"]
[WhiteFideId "14204223"]
[BlackFideId "1734687"]
[WhiteElo "2570"]
[BlackElo "2468"]
[Result "1-0"]
[Round "03"]
[TimeControl "180+2"]
[Date "2023.03.14"]
[WhiteClock "0:00:54"]
[BlackClock "0:00:25"]

1. e4 e6 2. d4 d5 3. Nc3 Nf6 4. Bg5 Be7 5. e5 Nfd7 6. h4 c5 7. Bxe7 Kxe7 8. Nf3 Nc6 9. dxc5 Nxc5 10. Nb5 b6 11. Nbd4 Nxd4 12. Nxd4 Qc7 13. Be2 Bd7 14. f4 f6 15. exf6+ gxf6 16. Qd2 Ne4 17. Qe3 e5 18. fxe5 fxe5 19. Nf3 Qxc2 20. O-O Qc5 21. Qxc5+ bxc5 22. Nxe5 Raf8 23. Rfd1 d4 24. Bf3 Nf6 25. b4 cxb4 26. Rxd4 Be6 27. Rxb4 a5 28. Rb7+ Kd6 29. Re1 Rb8 30. Ra7 Bxa2 31. Ra6+ 1-0


[Site "https://www.chess.com"]

[Event "Titled Tuesday Blitz March 14 Early 2023"]
[White "Demin, Vladimir"]
[Black "Eljanov, Pavel"]
[WhiteFideId "4167457"]
[BlackFideId "14102951"]
[WhiteElo "2628"]
[BlackElo "2598"]
[Result "0-1"]
[Round "03"]
[TimeControl "180+2"]
[Date "2023.03.14"]
[WhiteClock "0:00:37"]
[BlackClock "0:00:54"]

1. e4 c6 2. d4 d5 3. e5 Bf5 4. h4 h5 5. Bd3 Bxd3 6. Qxd3 Qa5+ 7. Nd2 e6 8. Nf3 Nh6 9. O-O Nf5 10. c3 Qa6 11. Qxa6 Nxa6 12. g3 c5 13. Nb3 Rc8 14. Bg5 b5 15. a4 b4 16. Rfc1 c4 17. Nbd2 Be7 18. Bxe7 Kxe7 19. cxb4 Nxb4 20. Kf1 Rc7 21. Rc3 Rhc8 22. b3 cxb3 23. Rxb3 Nc2 24. Rab1 Ncxd4 25. Nxd4 Nxd4 26. Rb4 Nc6 27. Rb5 Nxe5 28. Re1 Kf6 29. Ra5 g6 30. Nb3 Rb8 31. Nd4 Rb4 32. Nb5 Rc2 33. Rxa7 Rbb2 0-1


[Site "https://www.chess.com"]

[Event "Titled Tuesday Blitz March 14 Early 2023"]
[White "Makhnev, Denis"]
[Black "Manukyan, Sargis A."]
[WhiteFideId "13707647"]
[BlackFideId "13303970"]
[WhiteElo "2525"]
[BlackElo "2187"]
[Result "1-0"]
[Round "03"]
[TimeControl "180+2"]
[Date "2023.03.14"]
[WhiteClock "0:00:26"]
[BlackClock "0:01:32"]

1. d4 d5 2. c4 e6 3. Nf3 Nf6 4. Nc3 Be7 5. Bf4 c5 6. dxc5 Na6 7. cxd5 Nxd5 8. Nxd5 exd5 9. e3 Nxc5 10. Bb5+ Bd7 11. Bxd7+ Qxd7 12. O-O O-O 13. Be5 f6 14. Bd4 Rfd8 15. Bxc5 Bxc5 16. Rc1 Rac8 17. Qb3 Bb6 18. Rxc8 Rxc8 19. Rd1 Kh8 20. h3 Rd8 21. Rc1 h6 22. Qd3 d4 23. e4 Qe6 24. a3 Re8 25. Re1 Qa2 26. Re2 Qa1+ 27. Kh2 Qc1 28. g3 Qc5 29. Nh4 Kg8 30. Kg2 Qc6 31. Kh2 Re5 32. Ng6 Re8 33. f4 Qe6 34. e5 f5 35. Nh4 Rf8 36. Rc2 g5 37. Nf3 gxf4 38. gxf4 Kh8 39. Nh4 Qd5 40. Ng6+ Kg7 41. Nxf8 Kxf8 42. Qxf5+ Ke7 43. Rg2 Qf7 44. Qxf7+ Kxf7 45. Kg3 Ke6 46. Kf3 Kd5 47. Rg6 Bc5 48. Rxh6 d3 49. Rh7 b5 50. Rd7+ Kc4 51. Ke4 Kb3 52. Rxd3+ Kxb2 53. Rd5 Bxa3 54. Rxb5+ Ka2 55. Ra5 Kb3 56. Rxa7 Bb4 57. Rb7 Kc4 58. Rxb4+ Kc5 59. Rd4 Kc6 60. f5 Kc5 61. f6 Kb5 62. e6 Kb6 63. e7 Kc6 64. f7 Kb6 65. h4 Ka7 66. h5 Kb7 67. h6 Ka6 68. h7 Ka5 69. h8=Q Kb5 70. f8=Q Kb6 71. e8=Q Ka6 72. Qb8 Ka5 73. Qc5+ Ka6 74. Qh6# 1-0


[Site "https://www.chess.com"]

[Event "Titled Tuesday Blitz March 14 Early 2023"]
[White "Nguyen, Ngoc Truong Son"]
[Black "Klepikov, Nikita"]
[WhiteFideId "12401110"]
[BlackFideId "24145220"]
[WhiteElo "2571"]
[BlackElo "2025"]
[Result "1-0"]
[Round "03"]
[TimeControl "180+2"]
[Date "2023.03.14"]
[WhiteClock "0:00:13"]
[BlackClock "0:00:03"]

1. d4 Nf6 2. c4 d6 3. Nc3 e5 4. Nf3 Nbd7 5. g3 g6 6. Bg2 Bg7 7. O-O O-O 8. e3 c6 9. b3 Ne8 10. Ba3 f5 11. dxe5 Nxe5 12. Qc2 Qa5 13. Bb2 Be6 14. Rad1 h6 15. Ne2 a6 16. Bc3 Qc7 17. Qb2 b5 18. c5 Nxf3+ 19. Bxf3 dxc5 20. Nf4 Bf7 21. Rd2 b4 22. Bxg7 Nxg7 23. Rc1 Rad8 24. Rxd8 Rxd8 25. Rxc5 g5 26. Rxc6 Qd7 27. Ng6 g4 28. Ne5 Qe8 29. Be2 Bd5 30. Rxh6 Rc8 31. Bc4 Qd8 32. Qd4 Bxc4 33. Nxc4 Qxd4 34. exd4 Rd8 35. Rd6 Re8 36. Kf1 Ra8 37. Ne3 a5 38. Rb6 a4 39. Rxb4 axb3 40. axb3 Ra1+ 41. Kg2 Ra2 42. Rb5 Rb2 43. Nxf5 Nxf5 44. Rxf5 Rxb3 45. Rg5+ 1-0


[Site "https://www.chess.com"]